 Dungeon Crawl Stone Soup version 0.23.2-30-g0e89c35649 (webtiles) character file.

Game seed: 9482058079844740298

3741 Mrkan the Basher (level 9, -4/72 HPs)
             Began as a Minotaur Fighter on June 24, 2019.
             Was a Follower of Hepliaklqana.
             Killed by divine providence
             ... invoked by an orc priest
              (13 damage)
             ... on level 7 of the Dungeon.
             The game lasted 00:13:21 (5904 turns).

Mrkan the Basher (Minotaur Fighter)                 Turns: 5904, Time: 00:13:22

Health: -4/72      AC: 13    Str: 23    XL:     9   Next: 93%
Magic:  11/11      EV:  5    Int: 10    God:    Hepliaklqana [*.....]
Gold:   237        SH: 11    Dex: 11    Spells: 8/8 levels left

rFire    . . .     SeeInvis .   i - +2 flail (protect)
rCold    . . .     Gourm    .   c - +0 shield
rNeg     . . .     Faith    .   x - +0 plate armour
rPois    .         Spirit   .   (helmet restricted)
rElec    .         Reflect  .   (no cloak)
rCorr    .         Harm     .   (no gloves)
MR       .....                  (no boots)
Stlth    ..........             (no amulet)
HPRegen  0.22/turn              D - +5 ring of intelligence
MPRegen  0.12/turn              (no ring)

@: studying Crossbows
A: retaliatory headbutt, reduced essence, horns 2
a: Recall Ancestor, Ancestor Identity, Renounce Religion


You were on level 7 of the Dungeon.
You worshipped Hepliaklqana.
Hepliaklqana was aware of your devotion.
You were not hungry.

You visited 1 branch of the dungeon, and saw 7 of its levels.

You collected 237 gold pieces.

Inventory:

Hand Weapons
 i - a +2 flail of protection (weapon)
 q - a +0 morningstar
Armour
 c - a +0 shield (worn)
 x - a +0 plate armour (worn)
Jewellery
 k - an uncursed ring of protection from fire {unknown}
 u - an uncursed amulet of faith
 D - a +5 ring of intelligence (left hand)
 E - a +3 ring of dexterity {unknown}
Wands
 v - a wand of iceblast (6)
 A - a wand of disintegration (14)
 C - a wand of acid (20)
Scrolls
 a - a scroll of amnesia {unknown}
 e - 6 scrolls of teleportation
 h - a scroll of fog {unknown}
 l - 2 scrolls of blinking
 m - a scroll of noise {unknown}
 s - a scroll of immolation {unknown}
 t - a scroll of enchant armour {unknown}
 w - a scroll of magic mapping {unknown}
 y - 2 scrolls of remove curse
 B - a scroll of identify
Potions
 b - 3 potions of flight
 d - 2 potions of might
 g - 6 potions of curing
 j - a potion of invisibility {unknown}
 n - a potion of berserk rage {unknown}
 o - a potion of degeneration {unknown}
 p - a potion of heal wounds
 r - 2 potions of lignification {unknown}
 z - a potion of agility {unknown}
Books
 G - a manual of Crossbows
Comestibles
 f - 15 rations
 F - 4 chunks of flesh


   Skills:
 + Level 7.9 Fighting
   Level 3.1(6.9) Axes
 * Level 9.7(9.9) Maces & Flails
 + Level 8.0 Armour
 + Level 7.9 Shields
 + Level 5.2 Invocations


You had 8 spell levels left.
You didn't know any spells.
Your spell library contained the following spells:

 Spells                   Type           Power        Failure   Level  Hunger
 Beastly Appendage        Tmut           #.....       100%        1    ##.....
 Confusing Touch          Hex            #.....       100%        1    ##.....
 Summon Butterflies       Summ           #.......     100%        1    ##.....
 Blink                    Tloc           N/A          100%        2    ###....
 Shroud of Golubria       Chrm/Tloc      #.........   100%        2    ###....
 Confuse                  Hex            #.......     100%        3    ####...
 Gell's Gravitas          Tloc           #.........   100%        3    ####...
 Lesser Beckoning         Tloc           #.........   100%        3    ####...
 Recall                   Summ/Tloc      N/A          100%        3    ####...
 Summon Guardian Golem    Hex/Summ       #.......     100%        3    ####...
 Teleport Other           Tloc           #.......     100%        3    ####...
 Ice Form                 Ice/Tmut       #.......     100%        4    #####..
 Passage of Golubria      Tloc           N/A          100%        4    #####..
 Petrify                  Tmut/Erth      #.......     100%        4    #####..
 Metabolic Englaciation   Hex/Ice        #.........   100%        5    ######.
 Yara's Violent Unravell  Hex/Tmut       #.........   100%        5    ######.
 Statue Form              Tmut/Erth      #........    100%        6    #######


Dungeon Overview and Level Annotations

Branches:
Dungeon (7/15)             Temple (0/1) D:7

Altars:
Cheibriados
Fedhas
Hepliaklqana
Kikubaaqudgha
Nemelex Xobeh
Okawaru
Ru
Trog
Wu Jian
Yredelemnul

Shops:
D:4 :   D:7 (*


Innate Abilities, Weirdness & Mutations

You reflexively headbutt those who attack you in melee.
You have a pair of horns on your head.
Your life essence is reduced to manifest your ancestor. (-10% HP)


Message History

You block the bullfrog zombie's attack.
The orc priest looks encouraged for a moment.
The orc priest calls upon Beogh to heal the orc warrior.
The orc warrior is healed somewhat.
You completely miss the bullfrog zombie.
The bullfrog zombie is heavily damaged.
You block the bullfrog zombie's attack.
The orc priest mumbles some strange prayers to Beogh against you.
Beogh smites you!
* * * LOW HITPOINT WARNING * * *
The bullfrog zombie barely misses you.
The orc warrior hits you from afar with a +2 glaive of protection.
* * * LOW HITPOINT WARNING * * *
The orc warrior is no longer moving slowly.
The orc priest looks braver for a moment.
The bullfrog zombie hits you but does no damage.
The orc priest looks encouraged for a moment.
The orc priest mumbles some strange prayers to Beogh against you.
Beogh smites you!
You die...

###.o#.#.#.#.#.#..###
# ##o###.#.#.###.)# #
#..#..#.#..#...#######
##o##.#.#.##...[......
#..#.#.#.#...########
##.###.###...# #
#..#...#...##
##Z##.##...#
#.@#†#...## ##.#R#.###
#..#..# ##.#.## #...#
#####


You could see an orc warrior, an orc priest and a bullfrog zombie.

Vanquished Creatures
  A troll (D:7)
  2 hippogriffs (D:7)
  Sigmund (D:4)
  2 orc warriors
  A necrophage (D:6)
  3 ice beasts
  4 ogres
  A phantom (D:4)
  A centaur (D:7)
  3 bullfrogs
  A scorpion (D:7)
  3 killer bees (D:7)
  4 wights (D:6)
  A bullfrog zombie (D:5)
  4 hounds
  An orc priest (D:6)
  A bullfrog skeleton (D:7)
  A gnoll shaman (D:4)
  3 iguanas
  4 orc wizards
  4 worker ants
  A hound zombie (D:7)
  A worker ant zombie (D:7)
  8 gnolls
  5 adders
  2 oozes
  An adder skeleton (D:6)
  A worm (D:3)
  6 leopard geckos
  15 orcs
  A giant cockroach (D:4)
  3 goblins
  7 hobgoblins
  7 jackals
  A quokka (D:2)
  A ball python (D:3)
  5 bats
  4 frilled lizards
  A jackal skeleton (D:4)
  10 kobolds
  A leopard gecko skeleton (D:6)
  A quokka skeleton (D:6)
  6 rats
  A bush (D:2)
135 creatures vanquished.

Vanquished Creatures (collateral kills)
  Menkaure (D:4)
  A sky beast (D:5)
  A necrophage (D:6)
  An ice beast (D:6)
  2 bullfrogs
  A scorpion (D:7)
  A killer bee (D:7)
  A bullfrog skeleton (D:5)
  An orc wizard (D:7)
  3 adders
  A shadow imp (D:5)
  An orc (D:6)
  A quokka skeleton (D:5)
  A plant (D:6)
17 creatures vanquished.

Vanquished Creatures (others)
  2 hexers (D:7)
  2 ancestors
4 creatures vanquished.

Grand Total: 156 creatures vanquished

Notes
Turn   | Place    | Note
-------+----------+-------------------------------------------
     0 | D:1      | Mrkan the Minotaur Fighter began the quest for the Orb.
     0 | D:1      | Reached XP level 1. HP: 19/19 MP: 0/0
    62 | D:1      | Reached XP level 2. HP: 21/27 MP: 1/1
    91 | D:1      | Found a sparkling altar of Nemelex Xobeh.
   130 | D:1      | You fall through a shaft!
  1081 | D:2      | Reached skill level 1 in Maces & Flails
  1081 | D:2      | Reached XP level 3. HP: 33/33 MP: 2/2
  1812 | D:3      | Reached XP level 4. HP: 39/40 MP: 3/3
  1841 | D:3      | Reached skill level 2 in Maces & Flails
  2057 | D:3      | Found an ornate altar of the Wu Jian Council.
  2269 | D:3      | Found a hazy altar of Hepliaklqana.
  2269 | D:3      | Found a blossoming altar of Fedhas.
  2282 | D:3      | Became a worshipper of Hepliaklqana the Forgotten
  2426 | D:4      | Reached XP level 5. HP: 26/42 MP: 4/4
  2427 | D:4      | Reached skill level 3 in Maces & Flails
  2713 | D:4      | Noticed an ogre
  2718 | D:4      | Killed an ogre
  2718 | D:4      | Reached skill level 1 in Invocations
  2718 | D:4      | Reached XP level 6. HP: 36/49 MP: 5/5
  2797 | D:4      | Noticed Sigmund
  2813 | D:4      | Killed Sigmund
  2813 | D:4      | Reached skill level 5 in Fighting
  2813 | D:4      | Reached skill level 4 in Maces & Flails
  2813 | D:4      | Reached skill level 5 in Armour
  2813 | D:4      | Reached skill level 5 in Shields
  2916 | D:4      | Reached XP level 7. HP: 53/54 MP: 7/7
  2941 | D:4      | Noticed Menkaure
  2942 | D:4      | Reached * piety under Hepliaklqana
  2946 | D:4      | Killed Menkaure
  2946 | D:4      | Reached skill level 5 in Maces & Flails
  3243 | D:4      | Found Poatwe's Book Shop.
  3667 | D:5      | Entered Level 5 of the Dungeon
  3809 | D:5      | Reached skill level 6 in Maces & Flails
  3809 | D:5      | Reached XP level 8. HP: 26/63 MP: 9/9
  3916 | D:5      | Found a basalt altar of Yredelemnul.
  4319 | D:6      | Reached skill level 7 in Maces & Flails
  4528 | D:6      | Reached ** piety under Hepliaklqana
  4719 | D:6      | Reached XP level 9. HP: 70/70 MP: 11/11
  4754 | D:6      | Reached skill level 8 in Maces & Flails
  4783 | D:6      | Found an ancient bone altar of Kikubaaqudgha.
  4783 | D:6      | Found an iron altar of Okawaru.
  4790 | D:6      | Found a sacrificial altar of Ru.
  4792 | D:6      | Found a bloodstained altar of Trog.
  4794 | D:6      | Found a snail-covered altar of Cheibriados.
  5315 | D:6      | Remembered your ancestor Servius as a hexer
  5373 | D:7      | Found a staircase to the Ecumenical Temple.
  5373 | D:7      | Found Otael's Weapon Shop.
  5407 | D:7      | Found Orghitava's General Store.
  5639 | D:7      | Reached skill level 9 in Maces & Flails
  5717 | D:7      | Identified the Collected Works on Changing and Companions
  5723 | D:7      | Reached skill level 5 in Invocations
  5740 | D:7      | Noticed a troll
  5747 | D:7      | Killed a troll
  5904 | D:7      | Killed from afar by an orc priest

Skill      XL: |  1  2  3  4  5  6  7  8  9 |
---------------+----------------------------+-----
Axes           | 3 |  3.1
Armour         | 4 5 6 8 |  8.0
Fighting       | 4 5 6 7 |  7.9
Maces & Flails | 1 2 3 4 6 7 9 |  9.7
Shields        | 4 5 6 7 |  7.9
Invocations    | 1 2 4 5 |  5.2

Action                   |  1- 3 |  4- 6 |  7- 9 || total
-------------------------+-------+-------+-------++-------
Melee: War axe           |    61 |       |       ||    61
       Headbutt          |    27 |    15 |    50 ||    92
       Flail             |    44 |   100 |   278 ||   422
Invok: Ancestor Identity |       |     1 |     1 ||     2
       Ancestor Life: He |       |       |     1 ||     1
  Use: Scroll            |       |       |     6 ||     6
       Potion            |       |       |     1 ||     1
 Stab: Distracted        |       |       |     1 ||     1
  Eat: Chunk             |     3 |     4 |     6 ||    13
       Ration            |       |       |     1 ||     1
Armor: Scale mail        |    18 |       |       ||    18
       Chain mail        |    15 |    57 |     4 ||    76
       Plate armour      |       |       |   125 ||   125
Dodge: Dodged            |    13 |    25 |    58 ||    96
Block: Shield            |    41 |    57 |   137 ||   235
